 Dungeon Crawl Stone Soup version 0.30-a0-168-g0b976cbdc4 (webtiles) character file.

Game seed: 13700715148028803837

49 qw the Chopper (level 3, -5/23 HPs)
             Began as a Gargoyle Fighter on Sept 29, 2022.
             Killed by nerve-wracking pain
             ... invoked by an orc priest
              (7 damage)
             ... on level 2 of the Dungeon.
             The game lasted 00:00:29 (1136 turns).

qw the Chopper (Gargoyle Fighter)                   Turns: 1136, Time: 00:00:29

Health: -5/23      AC: 10    Str: 21    XL:     3   Next: 77%
Magic:  3/3        EV:  9    Int:  8    God:
Gold:   53         SH:  4    Dex:  9    Spells: 2/2 levels left

rFire   . . .      SeeInvis .    Y - +0 war axe
rCold   . . .      Faith    .    c - +0 buckler
rNeg    + . .      Spirit   .    b - +0 scale mail
rPois   inf        Reflect  .    (no helmet)
rElec   +          Harm     .    (no cloak)
rCorr   .          Rampage  .    (no gloves)
Will    .....                    (no boots)
Stlth   ..........               (no amulet)
HPRegen 0.07/turn                (no ring)
MPRegen 0.08/turn                (no ring)

@: no status effects
A: sickness immunity, AC +3, negative energy resistance 1, electricity
resistance, torment resistance 1, petrification resistance
a: no special abilities


You were on level 2 of the Dungeon.
You visited 1 branch of the dungeon, and saw 2 of its levels.

You collected 53 gold pieces.


Innate Abilities, Weirdness & Mutations

You are immune to sickness and miasma.
Your stone body is resilient. (AC +3)
You are immune to poison.
You resist negative energy. (rN+)
You are resistant to electric shocks. (rElec)
You are resistant to unholy torment.
You are immune to petrification.


   Skills:
 - Level 3.2 Fighting
 + Level 3.6 Axes
 - Level 3.2 Armour
 - Level 3.2 Shields


You had 2 spell levels left.
You didn't know any spells.
Your spell library was empty.

Inventory:

Hand Weapons
 f - a +0 whip
 Y - a +0 war axe (weapon)
Armour
 b - a +0 scale mail (worn)
 c - a +0 buckler (worn)
Potions
 d - a potion of might
 j - a potion of flight {unknown}

Dungeon Overview and Level Annotations

Branches:
Dungeon (2/15)

Altars:


Message History

You slash the goblin!
You kill the goblin!
Things that are here:
a +0 club; a goblin corpse
There is an open door here.
Found a stone staircase leading down.
You open the door.
An orc and an orc priest come into view.
The orc shouts!
The orc priest shouts!
An orc comes into view. It is wielding a +0 flail.
Found a stone staircase leading up.
The orc shouts!
The orc hits you but does no damage. The orc priest closely misses you.
There is an open door here.
You closely miss the orc priest. You barely miss the orc.
You block the orc priest's attack. The orc hits you but does no damage.
You hit the orc priest.
The orc priest is lightly wounded.
You completely miss the orc.
The orc priest invokes the aid of Beogh against you.
Beogh smites you! The orc hits you but does no damage.
You closely miss the orc priest.
The orc priest is lightly wounded.
You hit the orc but do no damage. You closely miss the orc.
The orc priest barely misses you. The orc hits you but does no damage.
The orc hits you with a +0 flail. You block the orc priest's attack.
The orc hits you with a +0 flail. The orc hits you but does no damage.
You hit the orc priest.
The orc priest is heavily wounded.
You slash the orc!
You kill the orc!
You hit the orc.
The orc priest looks satisfied for a moment.
The orc closely misses you.
You hit the orc priest but do no damage.
The orc priest is heavily wounded.
You closely miss the orc.
The orc priest mumbles some strange prayers to Beogh against you.
Pain shoots through your body!
You die...

###### #.....
#..... #.....
#....)####
#....o@..#
#<....o##.#
#########.#####.#
...........>....
#####..........#
#..........#
#..........#
#..........#
#.........##


You could see an orc priest and an orc.

Vanquished Creatures
  A worm (D:2)
  3 dart slugs (D:1)
  An orc (D:2)
  2 ball pythons (D:1)
  An endoplasm (D:1)
  2 giant cockroaches (D:1)
  4 goblins
  5 hobgoblins (D:1)
  2 jackals (D:1)
  6 kobolds (D:1)
  3 bats (D:1)
  3 frilled lizards (D:1)
  2 rats (D:1)
35 creatures vanquished.

Notes
Turn   | Place    | Note
-------+----------+-------------------------------------------
     0 | D:1      | qw the Gargoyle Fighter began the quest for the Orb.
     0 | D:1      | Reached XP level 1. HP: 14/14 MP: 1/1
     0 | D:1      | 0 ||| qw: Version: 0.2-a-12-gaebbb33
     0 | D:1      | 0 ||| qw: Game counter: 1256
     0 | D:1      | 0 ||| qw: Always use a shield: true
     0 | D:1      | 0 ||| qw: God list: Okawaru
     0 | D:1      | 0 ||| qw: Allow faded altars: false
     0 | D:1      | 0 ||| qw: Do Orc after D:15 true
     0 | D:1      | 0 ||| qw: Do second Lair branch before Depths: true
     0 | D:1      | 0 ||| qw: Lair rune preference: random
     0 | D:1      | 0 ||| qw: Plans: Normal, Zot:1-4, God:TSO, Crypt, Tomb,
                  | Pan, Slime:5, Hells, Abyss, Orb
     0 | D:1      | 0 ||| PLANNING D:1-11
    93 | D:1      | 93 ||| Stepping ~*~*~tactically~*~*~ (stealth).
   246 | D:1      | Reached XP level 2. HP: 16/19 MP: 2/2
   368 | D:1      | 368 ||| Stepping ~*~*~tactically~*~*~ (hiding).
   561 | D:1      | 561 ||| Stepping ~*~*~tactically~*~*~ (stealth).
   568 | D:1      | 568 ||| Stepping ~*~*~tactically~*~*~ (stealth).
   575 | D:1      | Reached skill level 3 in Axes
   595 | D:1      | Reached XP level 3. HP: 23/23 MP: 3/3
   709 | D:1      | 709 ||| Stepping ~*~*~tactically~*~*~ (stealth).
   769 | D:1      | 769 ||| Stepping ~*~*~tactically~*~*~ (stealth).
  1061 | D:1      | 1061 ||| READING scroll labelled ULUDIEPL NOWKA.
  1062 | D:1      | 1062 ||| READING 2 scrolls labelled VITAETWUYKK.
  1063 | D:1      | 1063 ||| READING scroll labelled OPANTO VIEGRUO.
  1064 | D:1      | 1064 ||| READING 2 scrolls labelled SUL TIOCWISUT.
  1065 | D:1      | 1065 ||| READING scroll labelled YSETHOOBBU.
  1066 | D:1      | 1066 ||| DROPPING scroll of noise.
  1067 | D:1      | 1067 ||| DROPPING scroll of blinking.
  1134 | D:2      | HP: 2/23 [orc/+0 flail (5)]
  1136 | D:2      | Killed from afar by an orc priest

Levels and vault maps discovered:
D:1:      roderic_chinese_lattice_arrival, layout_loops_ring
D:2:      layout_basic, chequers_ecumenical_altar_simple_redux,
          corexii_corridor_pit

Skill      XL: |  1  2 |
---------------+-------+-----
Axes           | 2 3 |  3.6
Fighting       | |  3.2
Armour         | |  3.2
Shields        | |  3.2

Action                   || total
-------------------------++-------
Melee: War axe           ||    94
  Use: Scroll            ||     5
Armor: Scale mail        ||    46
Dodge: Dodged            ||    44
Block: Buckler           ||    24

Table legend:
 A = Non-vault XP
 B = Vault XP
 C = Vault XP percentage of total XP
 D = Non-vault monster count
 E = Vault monster count
 F = Vault count percentage of total count
                 A         B        C        D         E       F
            +---------+---------+-------+---------+---------+-------
      Total |      71 |       0 |   0.0 |      35 |       0 |   0.0
            +---------+---------+-------+---------+---------+-------
        D:1 |      61 |       0 |   0.0 |      32 |       0 |   0.0
        D:2 |      10 |       0 |   0.0 |       3 |       0 |   0.0
            +---------+---------+-------+---------+---------+-------
